Map: Vaani Research Station (Void)

Players

Patience

  • Race: Terran Terran
  • Spawn Location: 6:00

Stats - Winner!

  • Race: Protoss Protoss
  • Spawn Location: 12:00

Event: IEM Season 11 - Gyeonggi

VOD

Have the link to the VOD?

Description

Time

  • Played on: Dec. 14, 2016, 7:44 p.m.
  • Length: 7:50

All games in this series

Show
View Real Time Build Order
Export as new Build Order

Patience Terran 

Build Orders: Reaper Expand, MMM Bio 

Get SALT Encoding   

  12  0:00  SCV  
  13  0:12  SCV  
  14  0:20  Supply Depot  
  14  0:24  SCV  
  15  0:41  SCV  
  16  0:43  Barracks  
  16  0:47  Refinery  
  16  0:54  SCV  
  17  1:06  SCV  
  18  1:18  SCV  
  19  1:30  Orbital Command  
  19  1:31  Reaper  
  20  1:42  Command Center  
  20  1:52  Barracks  
  20  1:56  SCV  
  21  2:02  Refinery  
  21  2:05  Barracks Reactor  
  21  2:09  SCV  
  22  2:17  Supply Depot  
  22  2:21  SCV  
  23  2:39  SCV  
  23  2:41  Factory  
  23  2:42  Barracks Tech Lab, Marine  
  23  2:43  Marine  
  26  2:51  SCV  
  26  2:55  Orbital Command  
  27  3:00  Marine  
  27  3:03  Stimpack  
  28  3:06  SCV  
  28  3:10  Marine  
  30  3:13  Marine  
  31  3:20  Engineering Bay  
  31  3:24  Marine  
  31  3:27  Marine  
  31  3:30  Marine  
  31  3:33  SCV  
  34  3:42  Marine, SCV, Starport  
  34  3:45  Factory Reactor  
  34  3:47  Marine  
  37  3:51  Missile Turret  
  37  3:54  Terran Infantry Weapons Level 1  
  37  3:56  SCV  
  37  3:58  SCV  
  39  4:08  SCV  
  40  4:10  Supply Depot  
  40  4:11  SCV  
  40  4:13  Marine x3  
  44  4:21  Missile Turret  
  43  4:24  SCV  
  43  4:30  Medivac  
  46  4:31  Medivac  
  46  4:35  SCV  
  46  4:36  SCV  
  49  4:41  Missile Turret  
  49  4:43  Widow Mine  
  51  4:48  SCV  
  51  4:51  Marine x2  
  51  4:52  Marine  
  54  4:57  Supply Depot  
  54  5:05  Combat Shields  
  54  5:14  Marine  
  54  5:18  Marine, SCV x2, Widow Mine  
  54  5:21  Supply Depot  
  59  5:26  Supply Depot  
  59  5:29  Viking  
  59  5:30  SCV x2, Viking  
  59  5:31  Marine  
  60  5:43  SCV  
  60  5:47  Marine x2  
  60  5:49  Marine  
  62  5:51  Terran Infantry Armor Level 1, Widow Mine  
  62  5:55  Supply Depot  
  62  5:56  Supply Depot  
  64  5:59  SCV x2  
  66  6:04  Marine x2  
  66  6:08  Missile Turret  
  68  6:12  Supply Depot  
  68  6:13  Viking  
  68  6:17  Marine  
  71  6:22  Marine  
  72  6:26  Medivac  
  72  6:29  SCV  
  73  6:33  Bunker  
  73  6:36  Barracks  
  73  6:39  SCV  
  72  6:40  Widow Mine  
  72  6:42  SCV  
  74  6:53  SCV  
  74  6:54  SCV  
  62  6:58  Marine x3  
  52  7:05  SCV  
  52  7:06  SCV  
  37  7:15  Marine  
  37  7:16  Marine x2  
  37  7:22  SCV  
  35  7:24  Marine  
Show
View Real Time Build Order
Export as new Build Order

Stats Protoss - Winner!

Build Orders: 1 Gate Expand, Oracle Opening 

Get SALT Encoding   

  12  0:00  Probe (Chrono Boost)  
  13  0:11  Probe (Chrono Boost)  
  14  0:19  Pylon  
  14  0:22  Probe (Chrono Boost)  
  15  0:37  Probe (Chrono Boost), Gateway  
  16  0:42  Assimilator  
  16  0:48  Probe (Chrono Boost)  
  17  0:58  Probe (Chrono Boost)  
  18  1:09  Probe (Chrono Boost)  
  19  1:20  Nexus  
  19  1:30  Cybernetics Core  
  19  1:33  Probe (Chrono Boost)  
  19  1:38  Assimilator  
  20  1:43  Probe (Chrono Boost)  
  21  1:49  Pylon  
  22  1:54  Probe (Chrono Boost)  
  22  2:04  Adept  
  22  2:06  Probe (Chrono Boost)  
  25  2:09  Warp Gate  
  25  2:18  Probe (Chrono Boost)  
  26  2:24  Stargate  
  26  2:28  Adept  
  27  2:30  Probe (Chrono Boost)  
  27  2:33  Probe (Chrono Boost)  
  30  2:43  Probe (Chrono Boost)  
  32  2:44  Probe (Chrono Boost)  
  32  2:54  Probe x2 (Chrono Boost)  
  34  3:02  Assimilator  
  34  3:03  Oracle  
  34  3:05  Probe (Chrono Boost)  
  36  3:06  Probe (Chrono Boost)  
  38  3:15  Probe (Chrono Boost)  
  38  3:16  Pylon  
  38  3:18  Probe (Chrono Boost)  
  41  3:27  Probe (Chrono Boost)  
  41  3:30  Probe (Chrono Boost)  
  42  3:35  Void Ray  
  42  3:39  Gateway  
  42  3:40  Gateway  
  42  3:46  Probe (Chrono Boost)  
  42  3:47  Probe (Chrono Boost)  
  48  4:06  Probe (Chrono Boost)  
  48  4:07  Probe (Chrono Boost), Pylon  
  50  4:12  Pylon  
  50  4:13  Void Ray  
  54  4:33  Gateway, Probe (Chrono Boost)  
  54  4:35  Mothership Core (Chrono Boost)  
  54  4:36  Gateway  
  54  4:38  Sentry, Gateway  
  57  4:39  Sentry x2  
  63  4:48  Pylon  
  63  4:50  Void Ray  
  63  4:57  Pylon  
  63  4:59  Gateway  
  67  5:13  Sentry, Adept x2  
  73  5:20  Pylon  
  70  5:32  Oracle  
  70  5:35  Pylon  
  70  5:37  Pylon x2  
  70  5:38  Adept x2  
  71  5:54  Sentry  
  71  5:55  Adept  
  71  5:56  Zealot x2  
  79  5:59  Zealot  
  79  6:00  Zealot  
  83  6:06  Stalker  
  85  6:23  Stalker x3  
  85  6:24  Zealot x2, Stalker  
  97  6:36  Stalker  
  93  6:52  Adept x5  
  93  6:53  Adept  
  69  7:10  Stalker  
  71  7:17  Adept x6  
  71  7:20  Gateway  

Tags
 
Add a new tag
Caveats
  • Supply blocks, unpowered buildings, or Contaminate may cause inaccurate times.
  • Supply counts are checked every 10 seconds.